AoeStats
← Traveller

Arena

505491682Analyzed
1v1 RM · 22d ago on Sep 9, 2026· 43m 24s· 2 players
Game mode
Random Map
Map size
Tiny (2 player)
Population
200
Speed
Normal
Resources
Standard
Victory
Conquest
Starting age
Dark Age
Ending age
Imperial Age
RankedLock teamsTeams togetherTeam positionsShared explorationLock speedFull tech treeHidden civsTurbo modeCheats
Victory
Defeat
🇨🇴 Franks · Colombia
919
+15
🇩🇪 Spanish · Germany
905
-42
Traveller
11:00 Feudal Age
12:44 Double-Bit Axe
14:13 Stone Mining
20:58 Castle Age
21:18 Scale Barding Armor
23:01 Forging
23:50 Bow Saw
23:24 Horse Collar
23:47 Gold Mining
26:58 Stone Shaft Mining
27:57 Heavy Plow
28:14 Husbandry
29:01 Inquisition
29:59 Ballistics
29:57 Masonry
31:30 Wheelbarrow
32:57 Chain Barding Armor
36:49 Imperial Age
35:12 Iron Casting
36:58 Cavalier
39:50 Hoardings
40:23 Paladin
40:53 Elite Conquistador
Muchachin
6:21 Loom
10:58 Feudal Age
11:29 Double-Bit Axe
17:49 Castle Age
16:52 Stone Mining
16:55 Gold Mining
19:15 Bow Saw
19:04 Pikeman
24:26 Gold Shaft Mining
26:24 Scale Mail Armor
26:35 Forging
26:31 Scale Barding Armor
29:23 Chain Barding Armor
32:21 Imperial Age
31:17 Wheelbarrow
30:47 Husbandry
31:32 Iron Casting
33:26 Hand Cart
32:45 Cavalier
34:39 Halberdier
36:47 Plate Barding Armor
38:45 Blast Furnace
38:01 Chain Mail Armor
38:10 Paladin
40:35 Ballistics
41:16 Chemistry
39:40 Heavy Scorpion
Connection lost

Rejoining the realm…

Still unreachable

The connection could not be restored.

Session expired

The server has moved on; the page needs a fresh start.